 Dungeon Crawl Stone Soup version 0.30.0 (webtiles) character file.

Game seed: 2936769828568830408

462 hawla the Firebug (level 7, -1/50 HPs)
             Began as a Meteoran Fire Elementalist on May 3, 2023.
             Slain by a black bear (2 damage)
             ... on level 4 of the Dungeon on May 5, 2023.
             The game lasted 00:07:36 (1064 turns).

hawla the Firebug (Meteoran Fire Elementalist)      Turns: 1064, Time: 00:07:36

Health: -1/50      AC:  2    Str: 10    XL:     7   Next: 54%
Magic:  8/15       EV: 13    Int: 18    God:
Gold:   104        SH:  0    Dex: 15    Spells: 9/15 levels left

rFire   . . .        (no weapon)
rCold   . . .        (no shield)
rNeg    + . .        a - +0 robe
rPois   .            (no helmet)
rElec   .            (no cloak)
rCorr   .            (no gloves)
SInv    .            (no boots)
Will    .....        (no amulet)
Stlth   +            b - ring of positive energy
HPRegen 0.28/turn    (no ring)
MPRegen 0.14/turn

%: no passive effects
@: mighty, brilliant, very slightly contaminated, glowing
A: sense surroundings 1, otherworldly, glowing, explore regen
a: no special abilities


You were on level 4 of the Dungeon.
You visited 1 branch of the dungeon, and saw 5 of its levels.

You collected 104 gold pieces.

Inventory:

Armour
 a - a +0 robe (worn)
Jewellery
 b - a ring of positive energy (left hand)
 n - an amulet of the acrobat
Wands
 i - a wand of iceblast (3) (quivered)
 m - a wand of polymorph (8)
Scrolls
 c - 2 scrolls of identify {unknown}
 d - a scroll of brand weapon {unknown}
 e - a scroll of immolation {unknown}
 f - a scroll of enchant weapon {unknown}
 g - 2 scrolls of amnesia {unknown}
 h - a scroll of vulnerability {unknown}
 k - a scroll of poison {unknown}
Potions
 l - a potion of cancellation {unknown}


   Skills:
 - Level 0.1 Fighting
 - Level 3.0 Dodging
 - Level 1.4 Stealth
 - Level 4.8 Spellcasting
 - Level 2.1 Conjurations
 - Level 4.8 Translocations
 - Level 5.8 Fire Magic
 + Level 1.1 Evocations


You had 9 spell levels left.
You knew the following spells:

 Your Spells              Type           Power      Damage    Failure   Level
a - Foxfire               Conj/Fire      100%       2x1d9     2%          1
b - Scorch                Fire           76%        2d8       1%          2
c - Volatile Blastmotes   Fire/Tloc      70%        2d15      4%          3

Your spell library contained the following spells:

 Spells                   Type           Power      Damage    Failure   Level
 Inner Flame              Hex/Fire       22%        N/A       12%         3
 Passage of Golubria      Tloc           32%        N/A       19%         4
 Flame Wave               Conj/Fire      28%        2d9       26%         4
 Tukima's Dance           Hex            6%         N/A       38%         3
 Animate Dead             Necr           6%         N/A       80%         4
 Borgnjor's Vile Clutch   Necr/Erth      3%         N/A       98%         5
 Yara's Violent Unravell  Hex/Tmut       3%         3d4       98%         5
 Death Channel            Necr           3%         N/A       100%        6


Dungeon Overview and Level Annotations

Branches:
Dungeon (5/15) Zot: 1935
 Temple: D:4-7

Altars:
Uskayaw

Shops:
D:4 (


Innate Abilities, Weirdness & Mutations

You passively map a small area around you.
You are easily found by Zot.
You glow in the dark.
You regain HP and MP as you explore.


Message History

The orc is heavily wounded.
The orc's fire resistance burns away.
The black bear bites you but does no damage.
The black bear claws you. x2; The orc closely misses you.
Casting: Scorch (safe; 1% risk of failure)
Confirm with . or Enter, or press ? or * to list all spells.
Flames lash the orc.
The orc is burned terribly!
You kill the orc!
The black bear bites you. The black bear closely misses you. x2
The orc misses you.
Unknown command.
Casting: Scorch (safe; 1% risk of failure)
Confirm with . or Enter, or press ? or * to list all spells.
Flames lash the black bear.
The black bear is moderately wounded.
The black bear's fire resistance burns away.
The black bear bites you!
The black bear claws you. x2; The orc misses you.
Unknown command.
Casting: Scorch (safe; 1% risk of failure)
Confirm with . or Enter, or press ? or * to list all spells.
You miscast Scorch.
You are very lightly contaminated with residual magic.
Nothing appears to happen.
The black bear bites you. The black bear claws you.
* * * LOW HITPOINT WARNING * * *
The black bear claws you.
* * * LOW HITPOINT WARNING * * *
The orc barely misses you.
It was a potion of brilliance.
You feel clever all of a sudden. The black bear misses you.
The black bear barely misses you. The black bear claws you.
* * * LOW HITPOINT WARNING * * *
The orc hits you with a +0 short sword.
* * * LOW HITPOINT WARNING * * *
It was a potion of might.
You feel very mighty all of a sudden. The black bear misses you.
The black bear claws you.
* * * LOW HITPOINT WARNING * * *
The black bear claws you.
You die...

########.#####.# #.#
#..# # ..)......†.....#
#.#####..#####
########.##..###
#.<........... #.##..#
#.#####..##### #.##.>#
#.# #..#
#.##..#######.# #..#
#...........))#
#..#####
####..#######.#
#<.†....
#....o@h)..#####.######
##.######........# #.#
##.####### ########.#
#.# #........# #.#
##### #.######## ###.#
##...### #.#
##.#.#####.#..... #.#
#............#... #.#
##.#.............


You could see a black bear (combustible) and an orc.

Vanquished Creatures
  Edmund (D:4)
  A sky beast (D:4)
  A scorpion (D:4)
  A hound (D:4)
  A jelly (D:4)
  An orc priest (D:4)
  2 orc wizards (D:4)
  2 adders (D:4)
  A worm (D:2)
  2 dart slugs (D:4)
  9 orcs
  2 endoplasms
  A goblin (D:4)
  2 hobgoblins
  A ball python (D:2)
  2 bats
  2 kobolds
  3 rats
35 creatures vanquished.

Vanquished Creatures (others)
  109 foxfires
109 creatures vanquished.

Grand Total: 144 creatures vanquished

Notes
Turn   | Place    | Note
-------+----------+-------------------------------------------
     0 | D:1      | hawla the Meteoran Fire Elementalist began the quest for
                  | the Orb.
     0 | D:1      | Reached XP level 1. HP: 14/14 MP: 5/5
     3 | D:1      | Noticed an electric eel
     4 | D:1      | Noticed an electric eel
   116 | D:2      | Found a hide-covered altar of Uskayaw.
   119 | D:2      | Reached skill level 4 in Fire Magic
   119 | D:2      | Reached XP level 2. HP: 20/20 MP: 4/6
   126 | D:2      | Learned a level 2 spell: Scorch
   255 | D:4      | Reached XP level 3. HP: 26/26 MP: 8/8
   288 | D:4      | Reached XP level 4. HP: 28/33 MP: 4/9
   307 | D:4      | Learned a level 3 spell: Volatile Blastmotes
   332 | D:4      | Noticed a sky beast
   345 | D:4      | Killed a sky beast
   346 | D:4      | Reached XP level 5. HP: 5/38 MP: 0/11
   386 | D:4      | Reached XP level 6. HP: 34/45 MP: 6/12
   386 | D:4      | Upgraded the game from 0.30-b1-5-g8e6c1be481 to 0.30.0
   473 | D:4      | Noticed Edmund
   501 | D:4      | Killed Edmund
   502 | D:4      | Reached skill level 5 in Fire Magic
   502 | D:4      | Reached XP level 7. HP: 47/50 MP: 2/14
   793 | D:4      | Found Cyamyol's Antique Weapon Boutique.
  1004 | D:4      | Reached skill level 1 in Evocations
  1056 | D:5      | Entered Level 5 of the Dungeon
  1064 | D:4      | HP: 1/50 [black bear (3)]
  1064 | D:4      | Slain by a black bear

Illustrated notes

Levels and vault maps discovered:
D:1:      arrival_aquarium_b, layout_loops_ring, minmay_misc_feat_pillars,
          nicolae_kite_square_tiling_tiny, minmay_pentomino_x4
D:2:      layout_loops_cross, basic_altar,
          shapermc_ecumenical_altar_starsandcircs, st_stairs_6,
          serial_bayou_pond_a, minmay_misc_feat_more_columns, chequers_garden,
          uniq_crazy_yiuf_cottage
D:3:      layout_loops_ring, gammafunk_temple_overflow_statue,
          nicolae_overflow_crystal_walls, kennysheep_generic_room_13
D:4:      layout_loops_ring, serial_shops, shop, uniq_edmund
D:5:      layout_rooms, minmay_temple_entry_large_hall,
          hangedman_decor_peaks_small, nicolae_shop_i_like_big_books,
          grunt_ministairs_13, minmay_misc_feat_cross, roderic_filled_cross

Skill      XL: |  1  2  3  4  5  6  7 |
---------------+----------------------+-----
Fire Magic     | 4 5 |  5.8
Spellcasting   | 3 4 |  4.8
Translocations | 3 4 |  4.8
Conjurations   | 2 |  2.1
Dodging        | 3 |  3.0
Evocations     | 1 |  1.1
Fighting       | |  0.1
Stealth        | |  1.4

Action                     |  1- 3 |  4- 6 |  7- 9 || total
---------------------------+-------+-------+-------++-------
  Melee: Unarmed           |     2 |    19 |       ||    21
   Cast: Foxfire           |    16 |    27 |    20 ||    63
         Scorch            |     3 |     9 |     5 ||    17
         Volatile Blastmot |       |     1 |       ||     1
  Evoke: Wand              |       |     4 |       ||     4
    Use: Potion            |       |     1 |     2 ||     3
 Armour: Robe              |     4 |     3 |     1 ||     8
         Skin              |       |    13 |       ||    13
  Dodge: Dodged            |       |     7 |    10 ||    17
